[Event "*** Titled Tuesday Blitz"]
[Site "Chess.com"]
[Date "2020.05.26"]
[Round "4"]
[White "CaspiIsrael"]
[Black "aakankshachess"]
[Result "1/2-1/2"]
[WhiteElo "2612"]
[BlackElo "2461"]
[TimeControl "180+1"]
[EndTime "10:40:05 PDT"]
[Termination "Game drawn - insufficient material"]

1. e4 e5 2. Nf3 Nc6 3. d4 exd4 4. Nxd4 Bc5 5. Nb3 Bb6 6. Nc3 d6 7. Qe2 Nge7 8. Be3 O-O 9. O-O-O Be6 10. Kb1 a5 11. Bxb6 cxb6 12. Nd4 Nxd4 13. Rxd4 Nc6 14. Rd1 a4 15. a3 Qf6 16. Qe3 Ne5 17. h3 Rfc8 18. f4 Nc4 19. Bxc4 Bxc4 20. Rd4 b5 21. Rhd1 Rd8 22. Qd2 h6 23. Rxd6 Rxd6 24. Qxd6 Qh4 25. Qd2 Qg3 26. e5 b4 27. axb4 a3 28. bxa3 Rxa3 29. Kb2 Ra8 30. Qd4 Be6 31. Rd2 Rc8 32. Ne4 Qe1 33. Nc5 Ra8 34. Rd1 Qg3 35. Nxe6 fxe6 36.
Ra1 Rxa1 37. Kxa1 Qxg2 38. Qc4 Qh1+ 39. Kb2 Qxh3 40. Qc8+ Kh7 41. Qxb7 Qe3 42. Qd7 Qxf4 43. Qxe6 Qxb4+ 44. Ka2 Qa4+ 45. Kb1 Qb4+ 46. Kc1 Qe1+ 47. Kb2 Qb4+ 48. Qb3 Qxb3+ 49. cxb3 h5 50. b4 h4 51. b5 h3 52. b6 h2 53. b7 h1=Q 54. b8=Q Qg2+ 55.
Kc3 Qf3+ 56. Kd4 Qf4+ 57. Kd5 Qd2+ 58. Ke6 Qh6+ 59. Kf7 Qf4+ 60. Ke8 Kg6 61. Qd6+ Kf5 62. Kf7 Qxe5 63. Qxe5+ Kxe5 64. Kxg7 1/2-1/2

[Event "*** Titled Tuesday Blitz"]
[Site "Chess.com"]
[Date "2020.05.26"]
[Round "4"]
[White "AndrewDGreen"]
[Black "bsnsun"]
[Result "0-1"]
[WhiteElo "2294"]
[BlackElo "2479"]
[TimeControl "180+1"]
[EndTime "10:40:05 PDT"]
[Termination "bsnsun won on time"]

1. e4 c5 2. Nf3 d6 3. Bb5+ Nd7 4. c3 a6 5. Bd3 Ngf6 6. O-O e5 7. Bc2 Be7 8. d4 O-O 9. dxe5 dxe5 10. Nbd2 Qc7 11. a4 b6 12. Nc4 Bb7 13. Nfd2 Rfd8 14. Qe2 Bc6 15. Ne3 b5 16. Rd1 c4 17. f3 Nc5 18.
axb5 axb5 19. Rxa8 Bxa8 20. Nf5 Bf8 21. Nf1 Bc6 22. Bg5 Rxd1 23. Qxd1 Nfd7 24. N1e3 f6 25. Bh4 Ne6 26. Nd5 Qb6+ 27. Bf2 Qd8 28. b3 Ndc5 29. bxc4 bxc4 30. Nfe3 Bb5 31. Bh4 Qa5 32. h3 Qa6 33. Bf2 Nd3 34. Bh4 Qa7 35. Kh2 Nec5 36.
Be1 Nxe1 37. Qxe1 Nd3 38. Qg3 Kh8 39. Nf5 Qf2 40. Qg4 g6 41. Nh4 Nf4 42. Nxf4 exf4 43.
Nxg6+ hxg6 44. Qxg6 Qg3+ 45. Qxg3 fxg3+ 46. Kxg3 Ba3 47. Kf4 Bb2 48. Kf5 Bxc3 49. h4 Bd4 50. g4 c3 51.
g5 Kg7 52. gxf6+ Bxf6 53. h5 Be7 54. e5 Be2 55. Ke6 Bg5 56. Kf5 Be7 57. Ke6 Bh4 58. f4 Bxh5 59. f5 Bg4 60. Bd3 Bg3 61. Kd5 Kf8 62.
f6 Bh4 63. Kd4 Be1 64. Bc4 Bd1 0-1

[Event "*** Titled Tuesday Blitz"]
[Site "Chess.com"]
[Date "2020.05.26"]
[Round "4"]
[White "Falia-p"]
[Black "SamuelGhimpu2003"]
[Result "0-1"]
[WhiteElo "2315"]
[BlackElo "2585"]
[TimeControl "180+1"]
[EndTime "10:40:07 PDT"]
[Termination "SamuelGhimpu2003 won by checkmate"]

1. e4 e6 2. d4 d5 3. Nc3 Nf6 4. e5 Nfd7 5. f4 c5 6. Nf3 Nc6 7. Be3 Be7 8. Qd2 O-O 9. dxc5 Qa5 10.
a3 Bxc5 11. Bxc5 Nxc5 12. Bd3 Bd7 13. O-O Nxd3 14. Qxd3 Rfc8 15. Ne2 Qb6+ 16. Kh1 h6 17. Ng3 Ne7 18. Rfb1 Rc7 19. Nd4 Rac8 20. c3 Ba4 21. f5 exf5 22. Ngxf5 Nxf5 23. Qxf5 Re8 24. b3 Bd7 25.
Qf3 Rxe5 26. Re1 Rxe1+ 27. Rxe1 Be6 28. Qe3 Qc5 29. Rc1 Rc8 30. h3 Qxa3 31. Nxe6 Re8 32. Rf1 Rxe6 33. Qf3 Rf6 34. Qe2 Rxf1+ 35. Qxf1 Qxb3 36.
Qd3 Qc4 37. Qe3 g6 38. Qe8+ Kg7 39. Qe5+ Kh7 40. Qe7 Qf1+ 41. Kh2 Qf4+ 42. Kg1 Kg7 43. Qxb7 Qc1+ 44. Kh2 Qxc3 45. Qxd5 a5 46. Qb5 Qb4 47.
Qe5+ Kg8 48. Qe8+ Kg7 49. Qe5+ Kh7 50. Qc7 Kg8 51. Qd8+ Kg7 52. Qc7 a4 53. Qe5+ Kh7 54. Qf6 Qb8+ 55. Kg1 Qb1+ 56. Kh2 Qb7 57. Qa1 Qc7+ 58.
Kg1 Qa7+ 59. Kh2 a3 60. Kh1 a2 61. h4 h5 62. Kh2 Qc7+ 63. g3 Qc2+ 64. Kh3 Qb1 65. Qf6 Qh1# 0-1

[Event "*** Titled Tuesday Blitz"]
[Site "Chess.com"]
[Date "2020.05.26"]
[Round "4"]
[White "algatar2020"]
[Black "MariaFominykh"]
[Result "0-1"]
[WhiteElo "1721"]
[BlackElo "2344"]
[TimeControl "180+1"]
[EndTime "10:40:11 PDT"]
[Termination "MariaFominykh won on time"]

1. d4 Nf6 2. Nf3 g6 3. Bf4 Bg7 4.
e3 O-O 5. h3 d6 6. c4 Nbd7 7.
Nc3 b6 8. Be2 Bb7 9. O-O Re8 10.
a4 e5 11. Bh2 a5 12. Nb5 Ne4 13. Nd2 f5 14. Nxe4 fxe4 15. Rc1 Bh6 16. Rc3 Rc8 17. Bg4 Bg7 18. Bxd7 Qxd7 19. d5 Rf8 20. Qg4 Qf5 21. Rc2 Rf7 22. Nc3 Rcf8 23. Nxe4 Ba6 24. b3 h5 25. Qxf5 Rxf5 26. f3 g5 27. Ng3 R5f7 28.
Nxh5 e4 29. Nxg7 Kxg7 30. Rcf2 exf3 31. gxf3 Rf6 32. Kg2 Re8 33. Re2 Rh6 34. Bg3 Bc8 35. Rh1 Reh8 36. h4 gxh4 37. Bf4 Rg6+ 38. Kh2 h3 39. Rg1 Bf5 40. e4 Bd7 41. Rxg6+ Kxg6 42.
Bg3 Rf8 43. f4 Bg4 44. Rd2 Re8 45. e5 Kf5 46. e6 Rg8 47. Rf2 Ke4 48. Bh4 Bf5 49.
Bg5 Ke3 50. Kg3 Rh8 51. Rh2 Kd3 52. e7 Rg8 53. Kh4 Kc3 54. Re2 Kxb3 55. e8=Q Rxe8 56. Rxe8 Kxc4 0-1

[Event "*** Titled Tuesday Blitz"]
[Site "Chess.com"]
[Date "2020.05.26"]
[Round "4"]
[White "GMKrikor"]
[Black "pastouche06"]
[Result "0-1"]
[WhiteElo "2719"]
[BlackElo "2453"]
[TimeControl "180+1"]
[EndTime "10:40:17 PDT"]
[Termination "pastouche06 won by resignation"]

1. Nf3 d5 2. c4 e6 3. e3 Nf6 4. Nc3 Be7 5. b3 O-O 6. Bb2 b6 7. g3 c5 8. cxd5 Nxd5 9. Nxd5 Qxd5 10. Bc4 Qh5 11. O-O Bb7 12. Be2 Nd7 13. d3 Bf6 14. Bxf6 Nxf6 15. Ne1 Qd5 16. Bf3 Qd7 17. Bxb7 Qxb7 18.
Qe2 Rfd8 19. Nf3 Rd7 20. Rfd1 Rad8 21. Ne5 Rd5 22. f4 Nd7 23. Nf3 Nb8 24. Rd2 Qa6 25. Rad1 Nc6 26. Kg2 h6 27. h3 Nb4 28. Ne1 R5d7 29.
Kf2 Rd5 30. Kg1 R5d7 31. Kf1 Rd5 32. g4 R5d7 33. Kg1 Rd5 34. h4 g5 35. hxg5 hxg5 36.
fxg5 Rxg5 37. Kh1 Kg7 38. Nf3 Rxg4 39. Nh2 Rg6 40. Qf1 Rh8 41. Rf2 Qb7+ 42. e4 Nc6 43.
Rdd2 Ne5 44. Rg2 Ng4 45. Kg1 Nxh2 46. Rxg6+ fxg6 47. Rxh2 Rxh2 48. Kxh2 Qd7 49. Qf4 Qxd3 50. Qe5+ Kf7 51. Qc7+ Kf6 52. Qf4+ Ke7 53. Qg5+ Kd6 54. Qxg6 Qe2+ 55. Kg3 Qxa2 56. Qf6 Qxb3+ 57. Kf4 Qc4 58. Qd8+ Kc6 59. Qe8+ Kb7 60. Qd7+ Ka6 61. Ke5 b5 62. Qc7 b4 63. Qc6+ Ka5 64. Qc7+ Ka4 65. Qxa7+ Kb3 66. Qd7 Kc3 67. Qc7 b3 68. Qa5+ Kc2 69. Qc7 b2 0-1

[Event "*** Titled Tuesday Blitz"]
[Site "Chess.com"]
[Date "2020.05.26"]
[Round "4"]
[White "Azeryahu"]
[Black "Danfii"]
[Result "1/2-1/2"]
[WhiteElo "2764"]
[BlackElo "2417"]
[TimeControl "180+1"]
[EndTime "10:40:18 PDT"]
[Termination "Game drawn by agreement"]

1. Nf3 d5 2. g3 Bg4 3. Bg2 c6 4. O-O e6 5. d4 Nf6 6. c4 Be7 7. cxd5 Bxf3 8. Bxf3 cxd5 9. Nc3 O-O 10. e3 Nc6 11. Bd2 Qd7 12. a3 a6 13. Na4 Qd8 14. Rc1 Rc8 15. Qb3 b5 16. Nc5 Qb6 17. Bg2 Na5 18.
Bxa5 Qxa5 19. Qb4 Qb6 20. a4 Rc6 21. axb5 axb5 22. Rc3 Rfc8 23. Rfc1 R8c7 24. Bf3 Nd7 25. Be2 Nxc5 26. dxc5 Rxc5 27. Rxc5 Rxc5 28. Rxc5 Bxc5 29. Qxb5 Qxb5 30. Bxb5 Kf8 31. Kf1 Ke7 32. Ke2 f6 33. Bd3 h6 34. Bg6 e5 35. Kd3 Kd6 36. Bf7 Bb4 37. Bg8 Ba5 38. f3 Kc5 39. g4 Be1 40. h3 Ba5 41. Bf7 Be1 42. Be8 Ba5 43. Ba4 Bb4 44.
Bb3 Be1 45. Ba2 Bb4 46. h4 Be1 47. h5 Bb4 48. Kc2 Ba5 49. Bb3 Bb4 50. Ba4 Ba5 51. Be8 Bb4 52. Kb3 Bd2 53. e4 d4 54. Bf7 Ba5 55.
Bc4 Bb4 56. Bd3 Ba5 57. Ka4 Bd2 58. Be2 Bb4 59. Kb3 Bd2 60. Kc2 Ba5 61. Bd3 Bb4 62. Kd1 Ba5 63. Ke2 Kb4 64. f4 Kb3 65. fxe5 fxe5 66. Bb5 Kxb2 67. Ba6 Kc3 68. Bd3 Bd8 69.
Ba6 Bg5 70. Bd3 Kb2 71. Ba6 Kc2 72. Bd3+ Kc1 73. Ba6 Bf4 74. Bd3 Kb2 75. Ba6 Kc3 76. Bd3 Kb4 77. Ba6 Kc5 78. Bd3 Kd6 79. Bb1 Ke7 80.
Ba2 Kf6 81. Bd5 Kg5 82. Be6 Kh4 83. Bf5 Kg3 84. Be6 Bg5 85. Kd3 Kf3 86. Bc8 Bf6 87. Bd7 Be7 88. Bc8 Bd6 89. Bd7 Bc5 90. Bc8 Be7 91. Bd7 Bf6 1/2-1/2

[Event "*** Titled Tuesday Blitz"]
[Site "Chess.com"]
[Date "2020.05.26"]
[Round "4"]
[White "Chuchofrio1"]
[Black "pooh2012"]
[Result "0-1"]
[WhiteElo "2280"]
[BlackElo "2457"]
[TimeControl "180+1"]
[EndTime "10:40:22 PDT"]
[Termination "pooh2012 won by checkmate"]

1. e4 c6 2. d4 d5 3. exd5 cxd5 4. Bd3 Nc6 5. c3 Qc7 6. h3 Nf6 7. Ne2 g6 8. Bf4 Qb6 9. Qb3 Qd8 10. Nd2 Bg7 11.
O-O O-O 12. Nf3 a6 13. a4 Na5 14. Qc2 Nc4 15. Ne5 Nd6 16. f3 Bf5 17. Ng3 Bxd3 18. Qxd3 Qc8 19. Qd2 b5 20. axb5 axb5 21. Bh6 Qb7 22.
Bxg7 Kxg7 23. h4 h5 24. Nd3 Nc4 25. Qe2 Qc7 26. Nh1 Nd6 27. Ng3 Nc4 28. Qf2 Rfe8 29. Rfe1 Rxa1 30. Rxa1 e5 31. dxe5 Nxe5 32. Nxe5 Qxe5 33.
Nf1 Qe2 34. Ng3 Qxf2+ 35. Kxf2 b4 36. cxb4 Rb8 37. Ra4 Nd7 38. Ne2 Ne5 39. Ke3 Nc4+ 40. Kd4 Nxb2 41. Ra2 Nc4 42. Kxd5 Rxb4 43. g3 Ne3+ 44.
Kc5 Rc4+ 45. Kb5 Rc2 46. Rxc2 Nxc2 47. Kc4 Ne1 48. Nd4 Kf6 49. Kd5 Nd3 50. Ke4 Nf2+ 51. Ke3 Nh1 52. Kf4 Nf2 53. g4 Nd3+ 54. Ke3 Ne5 55.
g5+ Ke7 56. Ke4 Nd7 57. Nc6+ Kd6 58. Nb4 Nc5+ 59. Kf4 Ne6+ 60. Ke4 Ng7 61. Nd5 Nf5 62. Ne3 Nxh4 63. Kf4 Ke6 64. Kg3 Nf5+ 65. Nxf5 Kxf5 66. f4 h4+ 67. Kxh4 Kxf4 68. Kh3 Kxg5 69. Kg3 f5 70. Kh3 f4 71. Kh2 Kg4 72. Kh1 g5 73. Kh2 Kf3 74.
Kh1 Ke2 75. Kh2 f3 76. Kh1 f2 77. Kh2 f1=Q 78. Kg3 Qf3+ 79. Kh2 g4 80. Kg1 Qf1+ 81.
Kh2 Qh3+ 82. Kg1 Qe3+ 83. Kg2 Qf4 84. Kh1 g3 85. Kg1 Qf2+ 86. Kh1 Qh2# 0-1

[Event "*** Titled Tuesday Blitz"]
[Site "Chess.com"]
[Date "2020.05.26"]
[Round "4"]
[White "joejan"]
[Black "AradNazari"]
[Result "0-1"]
[WhiteElo "2197"]
[BlackElo "2452"]
[TimeControl "180+1"]
[EndTime "10:40:23 PDT"]
[Termination "AradNazari won on time"]

1. e4 c5 2. Nc3 Nc6 3. f4 g6 4. Nf3 Bg7 5. Bc4 a6 6. a4 Rb8 7. d3 e6 8. f5 Nge7 9. fxe6 fxe6 10. Bf4 d6 11. O-O O-O 12. Ng5 Nd4 13. Ne2 Ra8 14.
c3 Nxe2+ 15. Qxe2 d5 16. Ba2 Qd7 17. Nf3 Rxf4 18. Qe3 Rf8 19. Qxc5 Rf7 20. Ng5 Rxf1+ 21. Rxf1 h6 22. Nxe6 Qxe6 23. exd5 b6 24. Qc7 Qe3+ 25. Kh1 Nf5 26. d6+ Be6 27. d7 Bf6 28. Qc6 Rf8 29. Bxe6+ Kg7 30. Bxf5 gxf5 31. h3 Qxd3 32. Re1 Rd8 33. Re8 Qxd7 34. Qxd7+ Rxd7 35. Re6 Rb7 36. Kg1 Kf7 37. Rc6 Bg5 38. Kf2 b5 39. axb5 Rxb5 40. b4 a5 41. bxa5 Rxa5 42. Kf3 Ra3 43. g4 fxg4+ 44.
Kxg4 Ra4+ 45. Kf5 Rf4+ 46. Ke5 Rf3 47. c4 Rxh3 48. c5 Rc3 49. Rc7+ Kg6 50. c6 h5 51. Rc8 Bf6+ 52. Kd6 Rd3+ 53. Ke6 Re3+ 54. Kd6 Be5+ 55. Kd5 Kg7 56. c7 Bxc7 57. Rxc7+ Kg6 58.
Kd4 Re1 59. Rc3 Kg5 60. Re3 Rd1+ 61. Ke4 Kg4 62. Re2 Kg3 63. Re3+ Kg2 64. Kf4 h4 65.
Re2+ Kh3 66. Kf3 Rd8 67. Kf2 Rg8 68. Kf1 Rg3 69. Rf2 Kg4 0-1

[Event "*** Titled Tuesday Blitz"]
[Site "Chess.com"]
[Date "2020.05.26"]
[Round "4"]
[White "GmSergioBarrientos"]
[Black "SiddharthGMJagadeesh"]
[Result "1-0"]
[WhiteElo "2607"]
[BlackElo "2416"]
[TimeControl "180+1"]
[EndTime "10:40:25 PDT"]
[Termination "GmSergioBarrientos won by checkmate"]

1. e4 e5 2. Nf3 Nc6 3. Bb5 Nf6 4. O-O Nxe4 5. d4 Nd6 6. dxe5 Nxb5 7. a4 d6 8. e6 Bxe6 9. axb5 Ne5 10. Nd4 Be7 11.
f4 Bg4 12. Qe1 Ng6 13. h3 Bd7 14. Nc3 O-O 15. f5 Ne5 16. Nd5 Bh4 17. Qe4 c6 18. f6 Ng6 19. Ne7+ Nxe7 20. fxg7 Re8 21. Qxh4 c5 22. Qh5 Ng6 23. Bg5 Re5 24. Nf3 Rf5 25.
Qh6 Qb6 26. c4 d5 27. b3 dxc4 28. bxc4 Be6 29. Rac1 f6 30. Be3 Qc7 31. Rfe1 Qxg7 32. Qxg7+ Kxg7 33. Bf2 Ne5 34. Nh4 Rh5 35. Rcd1 Kf7 36.
Bg3 Ke7 37. Rf1 Bxc4 38. Rfe1 Bxb5 39. Nf3 Kf7 40. Bxe5 fxe5 41. Nxe5+ Kg7 42. Ng4 Rf5 43. Re7+ Rf7 44. Re5 Raf8 45. Rxc5 Rf1+ 46. Rxf1 Rxf1+ 47. Kh2 Rb1 48. Rc7+ Kg6 49. Ne5+ Kf5 50. Nf3 Bc6 51. Nd4+ Ke5 52. Nxc6+ bxc6 53. Rxa7 h6 54. Rh7 c5 55. Rxh6 c4 56. Rh5+ Kd4 57. Rh8 c3 58. Rd8+ Ke3 59. Re8+ Kd2 60. Rd8+ Ke2 61. Re8+ Kd1 62. h4 c2 63. Rd8+ Kc1 64. h5 Rb4 65. g4 Rxg4 66. Kh3 Rc4 67. h6 Kb2 68. Rb8+ Kc3 69. h7 c1=Q 70.
h8=Q+ Kc2 71. Qh7+ Kd2 72. Qh6+ Ke2 73. Re8+ Kf2 74.
Qf6+ Qf4 75. Qb6+ Rd4 76. Qb2+ Kf3 77. Qe2# 1-0

[Event "*** Titled Tuesday Blitz"]
[Site "Chess.com"]
[Date "2020.05.26"]
[Round "4"]
[White "SketchyMoves"]
[Black "LiemLe"]
[Result "1/2-1/2"]
[WhiteElo "2641"]
[BlackElo "2933"]
[TimeControl "180+1"]
[EndTime "10:40:26 PDT"]
[Termination "Game drawn - insufficient material"]

1. e4 e5 2. Nf3 Nc6 3. Bc4 Bc5 4. d3 Nf6 5. O-O O-O 6. Re1 d6 7. h3 Ne7 8. Nbd2 Ng6 9. Nf1 c6 10. Bb3 h6 11. Be3 Bxe3 12. Rxe3 Re8 13. Qd2 a5 14. a4 d5 15. exd5 Nxd5 16. Ree1 Qc7 17. Ne3 Be6 18. Nc4 Bf5 19. d4 e4 20. Nfe5 Ngf4 21. Ne3 Bh7 22.
Nxd5 Nxd5 23. c3 Kh8 24. c4 Nb4 25. c5 Re7 26. Re2 f6 27. Nc4 Bg8 28. Qc3 Bxc4 29. Bxc4 Rd8 30. Rae1 f5 31. f3 Qd7 32. fxe4 Qxd4+ 33.
Qxd4 Rxd4 34. exf5 Rxe2 35. Bxe2 Rd5 36. Bh5 g5 37. f6 Rf5 38. Re8+ Kh7 39. f7 Nd3 40. f8=Q Rxf8 41. Rxf8 Nxc5 42. Rf7+ Kg8 43. Rc7 Kf8 44.
Bg6 b6 45. Rxc6 Nxa4 46. Bc2 Nxb2 47. Rxb6 Nc4 48. Rc6 Ne3 49. Kf2 Nd5 50. Rc5 Nb4 51. Bb3 Nd3+ 52. Ke3 Nxc5 53. Bc2 Ke7 54. Kd4 Kd6 55. Kc4 Ne6 56. Bf5 Ke5 57. Bg4 Nf4 58. Bf3 h5 59. Kb5 h4 60. Kxa5 Kd4 61. Kb5 Ke3 62.
Kc5 Nxh3 63. Kd6 Nf4 64. Ke5 Kf2 65. Kf5 Nxg2 66. Bg4 Kg3 67. Kxg5 Ne3 68. Be6 Nd1 69. Bd7 Nf2 70. Bc8 Ne4+ 71. Kh5 Nf6+ 72. Kg5 Nd5 73. Bd7 Nb6 74. Be6 Na4 75. Kh5 Nc5 76. Bf5 Nb3 77. Be6 Nd4 78. Bd7 Nf3 79. Bc8 Kf4 80.
Bd7 Kg3 81. Bc8 Ne5 82. Be6 Nf7 83. Bxf7 h3 84. Bd5 h2 85. Bc6 Kf2 86. Kg4 h1=Q 87. Bxh1 1/2-1/2

[Event "*** Titled Tuesday Blitz"]
[Site "Chess.com"]
[Date "2020.05.26"]
[Round "4"]
[White "DinaBelenkaya"]
[Black "awesomevishesh"]
[Result "1-0"]
[WhiteElo "2258"]
[BlackElo "2407"]
[TimeControl "180+1"]
[EndTime "10:40:27 PDT"]
[Termination "DinaBelenkaya won by checkmate"]

1. e4 c5 2. Nf3 d6 3. d4 cxd4 4. Nxd4 Nf6 5. Nc3 a6 6. Be2 e5 7. Nf3 Be7 8. Bg5 Nbd7 9. O-O h6 10. Bxf6 Nxf6 11. a4 O-O 12. a5 Be6 13. Qd2 Qc7 14. Rfe1 Rfd8 15. Bf1 Rac8 16. Qe2 Bf8 17. Nd2 d5 18. exd5 Nxd5 19. Nxd5 Rxd5 20. c4 Rxa5 21. Rxa5 Qxa5 22. b3 Rd8 23. Nf3 f6 24. Qe4 Rd7 25. Bd3 Bb4 26. Qh7+ Kf8 27. Qh8+ Kf7 28. Rd1 e4 29. Be2 Rxd1+ 30. Bxd1 Qa1 31. Qd8 exf3 32. gxf3 Qc1 33. Kg2 Qg5+ 34. Kh1 Qd2 35. Qc7+ Kg6 36. Bc2+ Qxc2 37. Qb6 Qd1+ 38. Kg2 Be1 39. Qxe6 Qd2 40. Qe4+ Kf7 41. h4 Qxf2+ 42. Kh3 Qf1+ 43. Kg4 Qg2+ 44.
Kh5 g6+ 45. Kxh6 Bd2+ 46. Kh7 Qg3 47. Qd5+ Ke7 48. Qxd2 Qxh4+ 49. Kxg6 Qg3+ 50. Kh7 Qh3+ 51. Kg6 Qxf3 52. Qe1+ Kd6 53. Qd2+ Kc5 54. Qa5+ Kc6 55. Qa4+ Kb6 56. Qb4+ Kc6 57. Qa4+ Kc7 58. Qa5+ Kd7 59. Qb4 Qf2 60. Qxb7+ Ke6 61. Qc6+ Ke5 62. Qd5+ Kf4 63.
Kxf6 Ke3+ 64. Ke6 Qf1 65. Qe5+ Kd2 66. Qd5+ Kc3 67. c5 Qe2+ 68. Kd6 Qh5 69. Qxh5 Kxb3 70.
Qh3+ Kb4 71. c6 Kb5 72. c7 Kb6 73. c8=Q Ka7 74. Qc7+ Ka8 75. Qhc8# 1-0

[Event "*** Titled Tuesday Blitz"]
[Site "Chess.com"]
[Date "2020.05.26"]
[Round "4"]
[White "Gurvich_Vitaly"]
[Black "Vaathi_Coming"]
[Result "0-1"]
[WhiteElo "2544"]
[BlackElo "2856"]
[TimeControl "180+1"]
[EndTime "10:40:28 PDT"]
[Termination "Vaathi_Coming won by resignation"]

1. e4 c5 2. Nf3 Nc6 3. d4 cxd4 4. Nxd4 Nf6 5. Nc3 e5 6. Ndb5 d6 7. Bg5 a6 8. Na3 Be6 9. Bxf6 Qxf6 10. Nd5 Qd8 11. Nc4 b5 12. Nce3 g6 13. h4 h5 14. c3 Bh6 15. g3 O-O 16. Bg2 Ne7 17. O-O Nxd5 18. Nxd5 Rb8 19. a4 bxa4 20. Rxa4 Rxb2 21.
Rxa6 Rd2 22. Qa4 Bxd5 23. exd5 Qf6 24. Qc6 Rd8 25. c4 e4 26. Bxe4 Qd4 27. Bg2 Bg7 28.
Ra8 Rxa8 29. Qxa8+ Kh7 30. Qe8 f5 31. Qe6 Qc5 32. Bf3 Bd4 33. Qf7+ Kh6 34. Qf8+ Bg7 35. Qe7 Kh7 36. Kg2 Rc2 37. Qe6 Rxc4 38. Bxh5 gxh5 39. Qxf5+ Kg8 40. Qe6+ Kf8 41. Qf5+ Ke7 42. Re1+ Be5 43. Qe6+ Kd8 44. Rb1 Rb4 45. Rf1 Rb2 46. Qg8+ Kc7 47. Qf7+ Kb6 48. Qxh5 Qxd5+ 49. Kg1 Qc5 50. Qf3 Bd4 51.
h5 d5 52. h6 Be5 53. Kg2 d4 54. h7 Qc6 55. Qxc6+ Kxc6 56. Kf3 Kd5 57. Rh1 Rb3+ 58. Kg4 Rb8 59. f4 Bh8 60. Kf5 d3 61. g4 Rf8+ 62. Kg5 Ke4 63. f5 d2 64. Rd1 Ke3 65. Kg6 Rf6+ 66. Kh5 Ke2 67. Rb1 d1=Q 68. Rxd1 Kxd1 69. Kg5 Rf8 70. Kf4 Rf7 71. g5 Rxh7 72. f6 Rb7 73.
Kf5 Rb6 74. f7 Bg7 75. g6 Ke2 0-1

[Event "*** Titled Tuesday Blitz"]
[Site "Chess.com"]
[Date "2020.05.26"]
[Round "4"]
[White "dopolian"]
[Black "theblitzchamp"]
[Result "1/2-1/2"]
[WhiteElo "2330"]
[BlackElo "2678"]
[TimeControl "180+1"]
[EndTime "10:40:30 PDT"]
[Termination "Game drawn by repetition"]

1. e4 e5 2. Nf3 d6 3. d4 Nf6 4. dxe5 Nxe4 5. Bd3 Nc5 6. Bb5+ c6 7. Be2 Be7 8. exd6 Qxd6 9. Qxd6 Bxd6 10. O-O O-O 11. Be3 Bf5 12. c3 Nbd7 13. Rd1 Bc7 14. Nbd2 Rad8 15.
Nb3 Nxb3 16. axb3 a6 17. b4 h6 18. Nd4 Bg6 19. Nf3 Nf6 20. Rxd8 Rxd8 21. Rd1 Rxd1+ 22. Bxd1 Kf8 23. Kf1 Ke7 24. Bd4 Ne8 25. Be2 f6 26. Bc5+ Kd7 27. Nh4 Bf7 28. Bg4+ Be6 29. Bh5 Nd6 30.
Ng6 Bc4+ 31. Ke1 Ne4 32. Nf8+ Kd8 33. Be3 Bd6 34. Ng6 Ng5 35. Nf4 Kc7 36. Be2 Bf7 37. h3 Ne4 38. Bd3 Ng5 39. Ne2 Bd5 40. f3 Nf7 41. Bf4 Ne5 42. Bc2 Bc4 43. Kd2 Bf7 44. b3 Be6 45. Be3 Bd7 46. Nd4 Bf8 47. Bf5 Nf7 48.
Ne6+ Bxe6 49. Bxe6 Ne5 50. Bf4 Kd6 51. Bxe5+ Kxe5 52. Bc8 b6 53. Bxa6 c5 54. bxc5 Bxc5 55. Bb7 Kf4 56. Ke2 g5 57. b4 Bd6 58. b5 Bc5 59. c4 h5 60. Bd5 h4 61. Kf1 Ke3 62.
Kg1 Ke2+ 63. Kh1 Kf2 64. Be6 Bd6 65. Bd5 Bf4 66. Be6 Bg3 67. Bd5 Kf1 68. Be6 Bf2 69. Bd5 Ke2 70. Be6 Ke3 71. Bd5 Kf4 72. Be6 Ke5 73.
Bd5 f5 74. Kh2 Kf4 75. Kh1 Kg3 76. Be6 Kf4 77. Bd5 Bc5 78. Be6 Bd4 79. Bd5 g4 80.
fxg4 fxg4 81. hxg4 Kxg4 82. Kh2 Be3 83. Kh1 Kg3 84.
Bf3 h3 85. Bd5 h2 86. Bf7 Bf4 87. Bd5 Kf2 88. Bg8 Bg3 89. Bd5 Ke3 90. Bg8 Kd4 91. Bd5 Kc5 92. Bg8 Kd6 93. Bd5 Kc5 94.
Bg8 Kd4 95. Bd5 Kc5 1/2-1/2

[Event "*** Titled Tuesday Blitz"]
[Site "Chess.com"]
[Date "2020.05.26"]
[Round "4"]
[White "sotochess"]
[Black "praveenb2002"]
[Result "0-1"]
[WhiteElo "2246"]
[BlackElo "2761"]
[TimeControl "180+1"]
[EndTime "10:40:33 PDT"]
[Termination "praveenb2002 won by checkmate"]

1. e4 c6 2. Nf3 d5 3. exd5 cxd5 4. Ne5 Nc6 5. Bb5 Bd7 6. Bxc6 Bxc6 7. d4 Nf6 8. O-O e6 9. Re1 Be7 10. Bf4 O-O 11. c3 Qb6 12. Qb3 Nd7 13. Nd2 Rfc8 14. Ndf3 Nxe5 15. Nxe5 Qxb3 16. axb3 Be8 17. f3 a5 18. Kf2 Ra6 19. Re2 Bb5 20. Rd2 Rca8 21. g4 a4 22. bxa4 Rxa4 23. Rxa4 Rxa4 24. Kg3 Ra2 25.
g5 f6 26. gxf6 gxf6 27. Ng4 Kf7 28. h4 Ra1 29. Rg2 Bd3 30. h5 Rh1 31. Rh2 Rg1+ 32. Kf2 Rb1 33. Ke3 Bc4 34. Nh6+ Ke8 35. Rg2 Re1+ 36.
Kd2 Rf1 37. Ke3 e5 38. dxe5 Bc5+ 39. Kd2 Rxf3 40. Rg8+ Kd7 41. Bg3 Be3+ 42. Kc2 Bxh6 43. exf6 Rxf6 44. b3 Be2 45. Rb8 Kc6 46. Rc8+ Kb6 47. Be5 Re6 48. Bd4+ Ka6 49. Rc5 Bxh5 50. Rxd5 Bg6+ 51. Kb2 Re2+ 52. Ka3 Re6 53. b4 b6 54.
b5+ Kb7 55. Rd7+ Kc8 56. Ra7 Bf8+ 57. Ka4 Bc5 58. Bxc5 bxc5 59. Ka5 Be4 60. b6 Bb7 61. Kb5 Re5 62. c4 h5 63. Ra3 h4 64. Rh3 Rh5 65.
Ka5 Rh8 66. Kb5 Bg2 67. Rh2 h3 68. Kxc5 Kb7 69. Kb5 Rh5+ 70. c5 Rg5 71. Kb4 Kc6 72.
Ka5 Rxc5+ 73. Ka6 Rb5 74. b7 Rb6+ 75. Ka5 Rxb7 76. Ka4 Kc5 77. Ka3 Kc4 78. Ka2 Kc3 79. Ka3 Ra7# 0-1

[Event "*** Titled Tuesday Blitz"]
[Site "Chess.com"]
[Date "2020.05.26"]
[Round "4"]
[White "plumalka"]
[Black "Turquoise_2701"]
[Result "0-1"]
[WhiteElo "2403"]
[BlackElo "2158"]
[TimeControl "180+1"]
[EndTime "10:40:38 PDT"]
[Termination "Turquoise_2701 won by resignation"]

1. e4 c5 2. Nf3 d6 3. d4 cxd4 4.
Nxd4 Nf6 5. Nc3 a6 6. Nb3 e5 7.
Bg5 Be6 8. Qd2 Be7 9. O-O-O Nbd7 10. f4 h6 11. Bh4 exf4 12. Nd4 g5 13. Bf2 Ne5 14.
h4 Nfg4 15. Nxe6 fxe6 16. Bd4 gxh4 17. Be2 Ne3 18. Bh5+ Kf8 19. Bxe3 fxe3 20. Rdf1+ Kg7 21. Qe2 Bg5 22. Nd1 Qa5 23. Kb1 Qb5 24. Qe1 Qc5 25. g3 Rac8 26. c3 h3 27. Rxh3 Qc4 28. Nxe3 Bxe3 29.
Rhh1 Qd3+ 30. Ka1 Qd2 31. g4 Qxe1+ 32. Rxe1 Bg5 33. Rd1 Rcd8 34. Kb1 Rhf8 35. Rh2 Rf4 36. Re2 Kf6 37. Kc2 b5 38. b3 a5 39. Rg1 Rc8 40.
Rg3 b4 41. c4 a4 42. bxa4 Nxc4 43. Kb3 Na5+ 44. Kxb4 Nc6+ 45. Kb5 Nd4+ 46. Kb6 Nxe2 47. a5 Rc2 48. Ra3 Nd4 49. a6 Rc6+ 50.
Kb7 Rxa6 51. Rxa6 Rxe4 52. a4 Nb3 53. Rxd6 Na5+ 54. Ka6 Ke5 55. Rd1 Rxa4 56. Kb5 Ra2 57. Re1+ Kf4 58. Rf1+ Kg3 59. Re1 e5 60. Rxe5 Nb3 61.
Kc4 Kh4 62. Kxb3 Rf2 63. Rd5 Rf4 64. Rd3 Rf2 65. Kc4 Rf6 66. Rd5 Rf4+ 67. Kc5 Kg3 68. Kc6 Kf2 69. Rd3 Ra4 70. Rd5 Ra8 71. Kc5 Ra5+ 72.
Kc4 Ra4+ 73. Kc5 Ke3 74. Re5+ Kf4 75. Rf5+ Ke4 76. Bg6 Ra5+ 77. Kc6 Ra6+ 78. Kd7 Rxg6 79. Ke8 Rf6 80. Rxf6 Bxf6 81. Kf7 Bg5 82. Kg6 Kf4 83. Kh5 Kf3 0-1

[Event "*** Titled Tuesday Blitz"]
[Site "Chess.com"]
[Date "2020.05.26"]
[Round "4"]
[White "ChessQueen"]
[Black "gena217"]
[Result "0-1"]
[WhiteElo "2632"]
[BlackElo "2849"]
[TimeControl "180+1"]
[EndTime "10:40:45 PDT"]
[Termination "gena217 won by resignation"]

1. e4 c6 2. c4 d5 3. cxd5 cxd5 4. exd5 Nf6 5. Nc3 Nxd5 6. Nf3 Nxc3 7. bxc3 g6 8. Bc4 Bg7 9. O-O O-O 10. a4 Nc6 11.
Ba3 Re8 12. Ng5 e6 13. Ne4 Na5 14. Ba2 Bd7 15. Nd6 Re7 16. d4 Bc6 17. c4 Rd7 18. c5 b6 19. Rc1 Nb7 20. Re1 Nxd6 21. cxd6 Rxd6 22. Bxd6 Qxd6 23. d5 Bxd5 24. Bxd5 exd5 25. Qf3 Rd8 26. Red1 d4 27. Rd3 h5 28. g3 Qd7 29.
Rc4 Qe6 30. Rc7 a5 31. h4 Bf8 32.
Kg2 Bc5 33. Qb7 Rf8 34. Rf3 Qc4 35. Rd7 Qe6 36. Rc7 Qc4 37. Rc8 Qe6 38. Rc6 Qe4 39. Qd7 Kg7 40. Rc7 Kg8 41. Rc6 Kg7 42. Rf6 Qe7 43. Qxe7 Bxe7 44. Rxb6 Bb4 45. Rb7 Bc3 46. Rd7 Kg8 47. Rf4 f6 48. Re4 Rf7 49. Ree7 Rxe7 50. Rxe7 Kf8 51. Rd7 Ke8 52. Rd5 Kf7 53.
Kf3 Ke6 54. Rd8 Kf5 55. Rd5+ Ke6 56. Rc5 Bb4 57. Rc8 Kf5 58. Rd8 Bc3 59. Ke2 Ke6 60. f3 Kf5 61. Kd3 g5 62. Rd5+ Kg6 63. Rb5 gxh4 64. gxh4 Kh6 65. f4 Kg6 66. f5+ Kf7 67.
Ke4 Be1 68. Rb7+ Kg8 69. Kxd4 Bxh4 70. Kd5 Bg5 71. Ke6 h4 72. Rb3 Kg7 73. Rd3 Kh6 74.
Kd5 Kh5 75. Ke4 Kg4 76. Rd1 h3 77. Rg1+ Kh4 78. Kf3 h2 79. Rh1 Kh3 80. Rd1 Bh4 81.
Rh1 Bg3 82. Rd1 Be5 83. Ke4 Kg2 0-1